AoeStats
← Chus

Arena

510382878Analyzed
2v2 RM · 10h ago on Sep 30, 2026· 48m 15s· 4 players
Game mode
Random Map
Map size
Medium (4 player)
Population
200
Speed
Normal
Resources
Standard
Victory
Conquest
Starting age
Dark Age
Ending age
Imperial Age
RankedLock teamsTeams togetherTeam positionsShared explorationLock speedFull tech treeHidden civsTurbo modeCheats
Victory
Defeat
🇪🇸 Shu · Spain
844
+14
🇹🇷 Huns · Türkiye
809
+15
🇮🇹 Spanish · Italy
837
-16
🇧🇷 Khmer · Brazil
755
-13
Chus
9:50 Feudal Age
8:06 Loom
10:24 Double-Bit Axe
17:09 Castle Age
16:00 Fletching
16:10 Padded Archer Armor
16:38 Horse Collar
17:50 Bodkin Arrow
18:10 Leather Archer Armor
18:19 Gold Mining
19:57 Town Watch
26:47 Imperial Age
25:28 Bow Saw
25:42 Crossbowman
27:58 Ring Archer Armor
27:28 Bracer
28:16 Ballistics
27:49 Arbalester
31:43 Stone Mining
32:36 Thumb Ring
33:11 Atonement
33:22 Fervor
35:33 Devotion
36:09 Illumination
37:21 Theocracy
39:50 Faith
40:39 Onager
44:37 Town Patrol
45:12 Wheelbarrow
45:38 Bolt Magazine
47:54 Man-at-Arms
48:19 Gambesons
48:35 Squires
48:20 Arson
mag8044
0:27 Loom
10:35 Feudal Age
17:23 Castle Age
15:40 Horse Collar
15:56 Double-Bit Axe
16:35 Stone Mining
17:01 Gold Mining
24:48 Heavy Plow
25:14 Bow Saw
28:02 Wheelbarrow
27:12 Town Watch
27:39 Scale Barding Armor
27:45 Forging
28:22 Town Patrol
28:57 Husbandry
29:20 Bloodlines
30:22 Hand Cart
33:55 Chain Barding Armor
34:11 Iron Casting
37:13 Imperial Age
36:10 Marauders
37:45 Elite Tarkan
38:46 Conscription
39:05 Plate Barding Armor
39:33 Blast Furnace
ALOAMALOA
2:53 Loom
12:19 Feudal Age
20:11 Castle Age
19:02 Gold Mining
19:03 Horse Collar
19:24 Double-Bit Axe
22:24 Wheelbarrow
29:11 Pikeman
29:15 Man-at-Arms
30:33 Heavy Plow
31:07 Padded Archer Armor
37:41 Imperial Age
35:30 Hand Cart
35:20 Elite Skirmisher
36:06 Thumb Ring
36:55 Scale Barding Armor
37:01 Forging
37:56 Leather Archer Armor
37:32 Fletching
39:32 Bow Saw
39:23 Stone Mining
39:00 Pikeman
39:43 Scale Mail Armor
40:23 Halberdier
41:33 Halberdier
felipegaravaso
10:03 Feudal Age
13:15 Double-Bit Axe
18:28 Castle Age
17:32 Stone Mining
17:34 Gold Mining
20:28 Wheelbarrow
19:39 Town Watch
20:44 Bow Saw
29:21 Imperial Age
27:36 Tusk Swords
31:37 Hand Cart
33:37 Heavy Scorpion
39:54 Double Crossbow
44:30 Elite Ballista Elephant
Connection lost

Rejoining the realm…

Still unreachable

The connection could not be restored.

Session expired

The server has moved on; the page needs a fresh start.